 Dungeon Crawl Stone Soup version 0.24-a0-693-g39a19ac0f1 (webtiles) character file.

Game seed: 3959321486134628132, levelgen mode: deterministic

81018 Froggeryz the Severer (level 15, -5/129 HPs)
             Began as a Minotaur Fighter on Sept 27, 2019.
             Was the Champion of Okawaru.
             Slain by a two-headed ogre
             ... wielding a +0 giant club
              (18 damage)
             ... on level 15 of the Dungeon on Sept 28, 2019.
             The game lasted 00:40:22 (20340 turns).

Froggeryz the Severer (Minotaur Fighter)           Turns: 20340, Time: 00:40:23

Health: -5/129     AC: 28    Str: 23    XL:     15   Next: 25%
Magic:  21/21      EV:  7    Int:  5    God:    Okawaru [******]
Gold:   1582       SH:  0    Dex: 18    Spells: 14/14 levels left

rFire    + . .     SeeInvis .   x - +4 executioner's axe of Koub {elec, rC+ Dex+4}
rCold    + . .     Gourm    .   (shield currently unavailable)
rNeg     + . .     Faith    .   R - +8 plate armour "Botzily" {rC+ rN+ Regen+}
rPois    +         Spirit   .   (helmet restricted)
rElec    .         Reflect  .   T - +1 cloak {rPois}
rCorr    .         Harm     .   z - -1 pair of gloves of Danirav {rPois rF+ rC- Slay+4}
MR       +++..                  m - +0 pair of boots
Stlth    ..........             (no amulet)
HPRegen  0.71/turn              E - ring of protection from magic
MPRegen  0.17/turn              y - ring of protection from magic

@: lethally poisoned (-5 -> -5), lightly drained
A: retaliatory headbutt, horns 2
a: Heroism, Finesse, Renounce Religion


You were on level 15 of the Dungeon.
You worshipped Okawaru.
Okawaru was exalted by your worship.
You were not hungry.

You visited 3 branches of the dungeon, and saw 22 of its levels.

You collected 1882 gold pieces.
You spent 300 gold pieces at shops.

Inventory:

Hand Weapons
 b - a +4 war axe of freezing
 p - a +3 great sword of flaming
 x - the +4 executioner's axe of Koub (weapon) {elec, rC+ Dex+4}
   (Okawaru gifted it to you on level 12 of the Dungeon)

   Occasionally, upon striking a foe, it will discharge some electrical energy
   and cause terrible harm.
   It affects your dexterity (+4).
   It protects you from cold.
Missiles
 d - 3 throwing nets
 r - 7 javelins
 w - 25 boomerangs (quivered)
 C - 4 silver javelins
 W - 5 curare-tipped darts
Armour
 m - a +0 pair of boots (worn)
 z - the -1 pair of gloves of Danirav (worn) {rPois rF+ rC- Slay+4}
   (You found it on level 5 of the Dungeon)

   It affects your accuracy and damage with ranged weapons and melee attacks
   (+4).
   It protects you from fire.
   It makes you vulnerable to cold.
   It protects you from poison.
 G - +0 gold dragon scales
 P - the +10 plate armour of Xoeqicuu {MR+ Stlth+}
   (Okawaru gifted it to you on level 3 of the Lair of Beasts)

   It affects your resistance to hostile enchantments.
   It makes you more stealthy.
 R - the +8 plate armour "Botzily" (worn) {rC+ rN+ Regen+}
   (You found it on level 4 of the Lair of Beasts)

   It protects you from cold.
   It protects you from negative energy.
   It increases your rate of regeneration.
 T - a +1 cloak of poison resistance (worn)
Jewellery
 o - an uncursed ring of positive energy
 y - a ring of protection from magic (right hand)
 A - an uncursed ring of see invisible
 E - a ring of protection from magic (left hand)
 K - an uncursed ring of ice
 S - a +3 ring of strength {unknown}
 U - an uncursed amulet of faith
Wands
 c - a wand of random effects (46)
 j - a wand of acid (4)
 k - a wand of paralysis (20)
 t - a wand of flame (41)
 D - a wand of iceblast (17)
 Q - a wand of disintegration (9)
Scrolls
 a - 3 scrolls of enchant weapon
 h - 18 scrolls of remove curse
 i - 2 scrolls of blinking
 l - 11 scrolls of teleportation
 u - 3 scrolls of enchant armour
 B - 2 scrolls of fear
 H - 2 scrolls of magic mapping
 M - 2 scrolls of amnesia
 V - a scroll of identify
 Z - a scroll of summoning
Potions
 e - 6 potions of curing
 g - 2 potions of resistance
 n - a potion of lignification {unknown}
 q - 4 potions of agility
 s - a potion of magic
 v - 3 potions of haste
 F - a potion of flight {unknown}
 I - 2 potions of mutation
 J - 2 potions of brilliance
 N - a potion of invisibility
 X - a potion of might
Comestibles
 f - 40 rations


   Skills:
 - Level 11.0(10.9) Fighting
 + Level 20.7(20.5) Axes
 - Level 13.0(12.8) Armour
   Level 3.6(3.5) Shields
 - Level 10.0(9.8) Invocations
 + Level 10.0(9.9) Evocations


You had 14 spell levels left.
You didn't know any spells.
Your spell library contained the following spells:

 Spells                   Type           Power        Failure   Level  Hunger
 Confusing Touch          Hex            #.....       99%         1    ##.....
 Magic Dart               Conj           #...         99%         1    ##.....
 Sandblast                Erth           #.....       99%         1    ##.....
 Sting                    Conj/Pois      #...         99%         1    ##.....
 Passwall                 Tmut/Erth      #.......     100%        2    ###....
 Poisonous Vapours        Pois/Air       #.....       100%        2    ###....
 Searing Ray              Conj           #.....       100%        2    ###....
 Confuse                  Hex            #.......     100%        3    ####...
 Dazzling Spray           Conj/Hex       #.....       100%        3    ####...
 Gell's Gravitas          Tloc           #.........   100%        3    ####...
 Mephitic Cloud           Conj/Pois/Air  #.......     100%        3    ####...
 Stone Arrow              Conj/Erth      #.....       100%        3    ####...
 Force Lance              Conj/Tloc      #.......     100%        4    #####..
 Fulminant Prism          Conj/Hex       #.........   100%        4    #####..
 Iskenderun's Mystic Bla  Conj           #.......     100%        4    #####..
 Olgreb's Toxic Radiance  Pois           #.......     100%        4    #####..
 Petrify                  Tmut/Erth      #.......     100%        4    #####..
 Lee's Rapid Deconstruct  Erth           #.........   100%        5    ######.
 Metabolic Englaciation   Hex/Ice        #.........   100%        5    ######.
 Venom Bolt               Conj/Pois      #.........   100%        5    ######.
 Yara's Violent Unravell  Hex/Tmut       #.........   100%        5    ######.


Dungeon Overview and Level Annotations

Branches:
Dungeon (15/15)            Temple (1/1) D:4            Lair (6/6) D:10
  Swamp (0/4) Lair:4        Snake (0/4) Lair:4        Slime (0/5) Lair:5
    Orc (0/2) D:9          Vaults (0/5) D:13
 Depths: D:15

Altars:
Ashenzari
Cheibriados
Dithmenos
Elyvilon
Fedhas
Gozag
Hepliaklqana
Kikubaaqudgha
Makhleb
Nemelex Xobeh
Okawaru
Qazlal
Ru
Sif Muna
Trog
Uskayaw
Vehumet
Wu Jian
Xom
Yredelemnul
Zin
The Shining One

Shops:
D:5 *   D:8 :   D:9 %   D:14 *

Portals:
Trove: D:10 (give +3 shadow dragon scales)

Annotations:
D:15 Nessos


Innate Abilities, Weirdness & Mutations

You reflexively headbutt those who attack you in melee.
You have a pair of horns on your head.


Message History

Unknown command.
You slash the two-headed ogre! You headbutt the two-headed ogre!
The two-headed ogre is heavily wounded.
You slash the yaktaur captain!
You feel sick.
Nessos blinks!
The two-headed ogre hits you with a +0 giant club!
* * * LOW HITPOINT WARNING * * *
The two-headed ogre barely misses you. The yaktaur captain hits you!!
* * * LOW HITPOINT WARNING * * *
Unknown command.
Okay, then.
You feel much better.
You feel sick.
Nessos unwields a +2 longbow of flaming.
It stops flaming.
Nessos hits you but does no damage.
Nessos intently looks at you, slowly moving their tail.
Nessos hits you!
* * * LOW HITPOINT WARNING * * *
The yaktaur captain completely misses you.
The two-headed ogre hits you but does no damage.
The two-headed ogre hits you with a +0 giant club!!
You die...

###..##.##.
#§......c. .
#......... ..
#.c....... ...
#.....^... ...!
#§§§§§.. .....
#§§§#
......##c§§##.#
......c@§§§§..#
......Oc.§....#
.........(....#
......#####+###
...... ......
..... .)...


You could see a yaktaur captain, Nessos, a two-headed ogre and a yaktaur.

Vanquished Creatures
  3 entropy weavers (D:11)
  A dire elephant (Lair:3)
  A yaktaur captain (D:13)
  Erolcha (D:11)
  4 hydras
  Fannar (Lair:2)
  2 ghost crabs (D:11)
  2 centaur warriors
  4 death yaks (Lair:6)
  2 two-headed ogres
  A tengu warrior (D:14)
  4 fire crabs (D:11)
  A wizard (D:11)
  An orc knight (D:12)
  A wolf spider (Lair:6)
  6 ugly things
  17 slime creatures
  A faun (D:12)
  The ghost of oberejnoburuli the Frost Mage, a novice HuIE of Vehumet (D:5)
  A manticore (D:11)
  20 elephants
  Maurice (D:10)
  Joseph (D:9)
  An apocalypse crab (D:11)
  A guardian serpent (Lair:6)
  13 black mambas
  16 spiny frogs
  3 rime drakes
  2 gargoyles (D:14)
  8 komodo dragons
  An efreet (D:14)
  3 yaktaurs
  A troll (D:11)
  9 blink frogs
  3 hornets (Lair:6)
  3 meliai (D:14)
  A queen bee (D:11)
  2 polar bears (Lair:6)
  2 tyrant leeches (Lair:4)
  A raiju (shapeshifter) (D:13)
  9 hippogriffs
  A shadow (D:15)
  Sigmund (D:2)
  A spriggan (Lair:3)
  4 wyverns (Lair:6)
  Eustachio (D:4)
  38 yaks
  A wraith (D:11)
  4 basilisks
  Grum (D:11)
  A steam dragon (D:13)
  3 hungry ghosts
  14 wargs (D:12)
  4 insubstantial wisps (Lair:2)
  4 vampire mosquitoes
  A swamp worm (Lair:4)
  30 water moccasins
  An acid dragon (D:12)
  11 porcupines
  10 orc warriors
  5 sky beasts
  Purgy (D:4)
  5 ice beasts
  6 phantoms
  3 black bears
  An eye of draining (D:9)
  A necrophage (D:10)
  9 wolves
  4 ogres
  12 centaurs
  12 crocodiles
  2 big kobolds
  The ghost of YoungGLord the Digger, an amateur GrEE of Vehumet (D:3)
  22 bullfrogs
  2 wyvern zombies
  4 scorpions
  28 killer bees
  A water moccasin skeleton (D:7)
  A howler monkey (D:5)
  4 wights
  3 centaur zombies
  3 crimson imps
  2 bullfrog zombies
  A quasit (D:10)
  3 centaur skeletons
  4 hounds
  8 jellies
  12 orc priests
  Jessica (D:2)
  15 orc wizards
  6 iguanas
  Natasha (thrice) (D:2)
  13 worker ants
  2 hell rats (Lair:6)
  A killer bee zombie (D:10)
  A hound zombie (D:6)
  3 hound skeletons
  Robin (D:4)
  A worker ant zombie (D:11)
  9 gnolls
  23 adders
  9 river rats (Lair:6)
  3 shadow imps
  4 oozes
  An adder skeleton (D:7)
  2 worms
  3 dart slugs
  12 leopard geckos
  93 orcs
  7 giant cockroaches
  14 goblins
  8 hobgoblins
  13 jackals
  10 quokkas
  2 ball pythons
  6 bats
  2 frilled lizards
  A giant cockroach zombie (D:6)
  2 jackal skeletons
  25 kobolds
  3 quokka skeletons
  A quokka zombie (D:5)
  5 rats
  A butterfly (Lair:5)
  11 fungi
  13 plants
777 creatures vanquished.

Vanquished Creatures (collateral kills)
  A spiny frog (Lair:6)
  A plant (Lair:6)
2 creatures vanquished.

Vanquished Creatures (others)
  A jackal (D:11)
  2 bushes (Lair:6)
  A butterfly (Lair:5)
  19 fungi
  12 plants
35 creatures vanquished.

Grand Total: 814 creatures vanquished

Notes
Turn   | Place    | Note
-------+----------+-------------------------------------------
     0 | D:1      | Froggeryz the Minotaur Fighter began the quest for the Orb.
     0 | D:1      | Reached XP level 1. HP: 19/19 MP: 0/0
   117 | D:1      | Reached skill level 3 in Axes
   201 | D:1      | Reached XP level 2. HP: 26/26 MP: 1/1
   254 | D:1      | Reached skill level 4 in Axes
   322 | D:1      | Reached XP level 3. HP: 31/31 MP: 2/2
   470 | D:2      | Noticed Sigmund
   471 | D:2      | Noticed Natasha
   476 | D:2      | Killed Natasha
   476 | D:2      | Reached skill level 5 in Axes
   483 | D:2      | Killed Sigmund
   483 | D:2      | Reached skill level 7 in Axes
   483 | D:2      | Reached XP level 4. HP: 11/39 MP: 3/3
   483 | D:2      | Reached XP level 5. HP: 13/45 MP: 4/4
   679 | D:2      | Noticed Natasha
   684 | D:2      | Killed Natasha
   746 | D:2      | Found a blossoming altar of Fedhas.
   946 | D:2      | Noticed Jessica
   951 | D:2      | Killed Jessica
   951 | D:2      | Reached XP level 6. HP: 51/51 MP: 5/5
  1076 | D:2      | Noticed Natasha
  1089 | D:2      | Killed Natasha
  1186 | D:2      | Found an ancient bone altar of Kikubaaqudgha.
  1434 | D:3      | Reached skill level 8 in Axes
  1757 | D:3      | Found a runed translucent gate.
  1759 | D:3      | Found an opulent altar of Gozag.
  1760 | D:3      | Found a runed translucent gate.
  1760 | D:3      | Noticed an orc warrior
  1761 | D:3      | Noticed YoungGLord's ghost (amateur GrEE)
  1762 | D:3      | Found a runed translucent gate.
  1824 | D:3      | Killed an orc warrior
  1824 | D:3      | Reached skill level 9 in Axes
  1824 | D:3      | Reached XP level 7. HP: 57/57 MP: 6/6
  1830 | D:3      | Killed YoungGLord's ghost
  2233 | D:4      | Noticed Robin
  2252 | D:4      | Killed Robin
  2259 | D:4      | Reached skill level 10 in Axes
  2385 | D:4      | Noticed Purgy
  2396 | D:4      | Killed Purgy
  2468 | D:4      | Found a staircase to the Ecumenical Temple.
  2563 | Temple   | Entered the Ecumenical Temple
  2853 | D:4      | Noticed Eustachio
  2867 | D:4      | Killed Eustachio
  2867 | D:4      | Reached skill level 11 in Axes
  2867 | D:4      | Reached XP level 8. HP: 55/64 MP: 7/7
  3055 | D:4      | Found a glowing golden altar of the Shining One.
  3102 | D:5      | Entered Level 5 of the Dungeon
  3139 | D:5      | Found Luruduta's General Store.
  3152 | D:5      | Bought an uncursed ring of protection from magic for 300
                  | gold pieces
  3213 | D:5      | Found a runed translucent gate.
  3214 | D:5      | Found a runed translucent gate.
  3215 | D:5      | Found a runed translucent gate.
  3215 | D:5      | Noticed oberejnoburuli's ghost (novice HuIE)
  3415 | D:5      | Got a pair of ancient gloves
  3426 | D:5      | Identified the cursed -1 pair of gloves of Danirav {rPois
                  | rF+ rC- Slay+4} (You found it on level 5 of the Dungeon)
  3445 | D:5      | Reached skill level 12 in Axes
  4181 | D:5      | Killed oberejnoburuli's ghost
  4181 | D:5      | Reached skill level 13 in Axes
  4499 | D:6      | Reached XP level 9. HP: 57/70 MP: 8/8
  4993 | D:6      | Found an iron altar of Okawaru.
  4994 | D:6      | Found a bloodstained altar of Trog.
  5005 | D:6      | Became a worshipper of Warmaster Okawaru
  5081 | D:7      | Reached skill level 14 in Axes
  5091 | D:7      | Found a snail-covered altar of Cheibriados.
  5180 | D:7      | Found a hide-covered altar of Uskayaw.
  5235 | D:7      | Got an obsidian-encrusted ring mail
  5236 | D:7      | Identified the +5 ring mail "Buaterao" {Str+8} (You found
                  | it on level 7 of the Dungeon)
  6212 | D:8      | Found a shattered altar of Ashenzari.
  6312 | D:8      | Reached skill level 5 in Fighting
  6442 | D:8      | Reached * piety under Okawaru
  6613 | D:8      | Found Oronu's Book Shop.
  6864 | D:9      | Reached skill level 15 in Axes
  7195 | D:9      | Reached XP level 10. HP: 84/84 MP: 3/9
  7231 | D:9      | Noticed a two-headed ogre
  7232 | D:9      | Reached ** piety under Okawaru
  7243 | D:9      | Killed a two-headed ogre
  7256 | D:9      | Reached skill level 16 in Axes
  7494 | D:9      | Found a staircase to the Orcish Mines.
  7494 | D:9      | Noticed Joseph
  7502 | D:9      | Killed Joseph
  7502 | D:9      | Reached *** piety under Okawaru
  7850 | D:9      | Found Xeker's Food Boutique.
  7906 | D:10     | Entered Level 10 of the Dungeon
  8065 | D:10     | Found a portal to a secret trove of treasure.
  8106 | D:10     | Reached **** piety under Okawaru
  8227 | D:10     | Reached skill level 17 in Axes
  8556 | D:10     | Found a staircase to the Lair.
  8587 | D:10     | Reached skill level 5 in Armour
  8587 | D:10     | Reached XP level 11. HP: 95/95 MP: 10/10
  8785 | D:11     | Noticed a wizard
  8785 | D:11     | Noticed a two-headed ogre
  8795 | D:10     | Killed a two-headed ogre
  8973 | D:11     | Reached ***** piety under Okawaru
  8975 | D:11     | Killed a wizard
  8983 | D:11     | Upgraded the game from 0.24-a0-653-g3936067ed8 to
                  | 0.24-a0-693-g39a19ac0f1
  9087 | D:11     | Noticed a five-headed hydra
  9095 | D:11     | Killed a five-headed hydra
  9584 | D:11     | Noticed Grum
  9598 | D:11     | Killed Grum
  9603 | D:11     | Reached skill level 10 in Fighting
  9610 | D:11     | Noticed Maurice
  9660 | D:10     | Killed Maurice
  9660 | D:10     | Reached skill level 18 in Axes
 10313 | D:11     | Noticed Erolcha
 10320 | D:11     | Received a gift from Okawaru
 10323 | D:11     | Killed Erolcha
 10469 | D:11     | Found a runed translucent door.
 10530 | D:11     | Noticed a fire crab
 10538 | D:11     | Killed a fire crab
 10699 | D:11     | Noticed a fire crab
 10713 | D:11     | Killed a fire crab
 10713 | D:11     | Reached XP level 12. HP: 86/108 MP: 11/11
 10933 | D:11     | Noticed an entropy weaver
 11288 | Lair:1   | Entered Level 1 of the Lair of Beasts
 11301 | Lair:1   | Reached ****** piety under Okawaru
 11684 | Lair:1   | Reached skill level 19 in Axes
 11684 | Lair:1   | Reached skill level 1 in Invocations
 11928 | Lair:2   | Received a gift from Okawaru
 12363 | Lair:2   | Noticed Fannar
 12377 | Lair:2   | Killed Fannar
 12377 | Lair:2   | Reached skill level 20 in Axes
 13087 | Lair:3   | Received a gift from Okawaru
 13087 | Lair:3   | Reached skill level 5 in Invocations
 13093 | Lair:3   | Got a crude plate armour {god gift}
 13094 | Lair:3   | Identified the +10 plate armour of Xoeqicuu {MR+ Stlth+}
                  | (Okawaru gifted it to you on level 3 of the Lair of Beasts)
 13127 | Lair:3   | Reached XP level 13. HP: 116/116 MP: 15/15
 13168 | Lair:3   | Reached skill level 1 in Evocations
 13199 | Lair:3   | Noticed a dire elephant
 13209 | Lair:3   | Killed a dire elephant
 13575 | Lair:3   | Reached skill level 10 in Armour
 14412 | Lair:4   | Found a staircase to the Snake Pit.
 14484 | Lair:4   | Got a heavily runed plate armour
 14485 | Lair:4   | Identified the +8 plate armour "Botzily" {rC+ rN+ Regen+}
                  | (You found it on level 4 of the Lair of Beasts)
 14613 | Lair:4   | Found a staircase to the Swamp.
 15110 | Lair:5   | Found a staircase to the Slime Pits.
 15189 | Lair:5   | You fall into a shaft and drop 1 floor!
 15189 | Lair:6   | Entered Level 6 of the Lair of Beasts
 15265 | Lair:6   | Received a gift from Okawaru
 15620 | Lair:6   | Reached XP level 14. HP: 106/124 MP: 18/18
 15799 | Lair:6   | Reached skill level 5 in Evocations
 16357 | Lair:6   | Received a gift from Okawaru
 16917 | Lair:5   | You fall into a shaft and drop 1 floor!
 17271 | D:11     | Killed an entropy weaver
 17349 | D:11     | Noticed an entropy weaver
 17363 | D:11     | Killed an entropy weaver
 17405 | D:11     | Noticed an entropy weaver
 17412 | D:11     | Killed an entropy weaver
 17442 | D:11     | Found the +7 sceptre of Torment {pain, torment}
 17446 | D:11     | Got an iridescent falchion
 17452 | D:11     | Identified the +7 falchion of the Abyss {vamp, rC+ MP+9
                  | Str+4 Stlth+} (You found it on level 11 of the Dungeon)
 17716 | D:12     | Received a gift from Okawaru
 17719 | D:12     | Got an encrusted executioner's axe {god gift}
 17906 | D:12     | Reached skill level 10 in Invocations
 18232 | D:12     | You fall into a shaft and drop 1 floor!
 19162 | D:13     | Identified the +4 executioner's axe of Koub {elec, rC+
                  | Dex+4} (Okawaru gifted it to you on level 12 of the
                  | Dungeon)
 19282 | D:13     | Reached XP level 15. HP: 105/129 MP: 21/21
 19415 | D:13     | Found a gate to the Vaults.
 19446 | D:13     | Received a gift from Okawaru
 19964 | D:14     | Found Huyboz's Demolitions Depot.
 20306 | D:15     | Entered Level 15 of the Dungeon
 20320 | D:15     | Noticed Nessos
 20322 | D:15     | Reached skill level 10 in Evocations
 20340 | D:15     | Slain by a two-headed ogre

Levels and vault maps discovered:
D:1:      lightli_arrival_farm, layout_basic, minmay_pentomino_r2
D:2:      layout_basic, lemuel_round_altar, kiku_gazebo_pond_becter,
          uniq_natasha, uniq_jessica, uniq_sigmund
D:3:      minmay_general_purpose_star, layout_rooms, ebering_ghost_gozag
D:4:      layout_cave_pools, tso_oasis_becter, minmay_temple_entry_overgrown,
          first_ration, hangedman_glass_teeth, uniq_eustachio, uniq_purgy,
          uniq_robin
D:5:      layout_layer_cave, gammafunk_ghost_nasty_kobolds, serial_shops,
          shop_statue, chequers_serial_rivers_small_b
D:6:      layout_loops_ring, grunt_temple_overflow_bloody_war,
          kennysheep_generic_room_3
D:7:      layout_basic, kennysheep_mini_moat, eat_drink_and_be_merry_uskayaw,
          chequers_serial_rivers_small_3
D:8:      layout_loops_ring, ashenzari_altar_1, serial_shops, shop
D:9:      layout_loops_ring, hiddenorc1_lemuel, serial_shops, shop,
          kennysheep_generic_room_12, uniq_joseph
D:10:     layout_stronghold, lair_entry_dummy, enter_trove_0
D:11:     gammafunk_mikee_crab_dinner, layout_rooms, david_nohive_1,
          uniq_erolcha, uniq_grum, uniq_maurice
D:12:     lemuel_castle_with_subvaults [lemuel_castle_interior_original],
          layout_irregular_city, minmay_misc_feat_five, serial_bayou_pond_c,
          centaur_isle
D:13:     layout_roguey, david_vaults_2, serial_co_window_serial,
          co_window_corner_a, co_window_of_opportunity_a, co_window_corner_a,
          co_window_corner_a, co_window_paths_a, co_window_paths_a,
          co_window_corner_a, co_window_paths_a, co_window_of_opportunity_a,
          co_window_corner_b, co_window_of_opportunity_b,
          co_window_of_opportunity_c, co_window_paths_d, glass_columns_a,
          glass_columns_c, glass_columns_a, glass_columns_a
D:14:     layout_roguey, nicolae_blasting_shop
D:15:     grunt_enter_depths_snipers, layout_gridville, minivault_25,
          uniq_nessos, uniq_agnes
Temple:   eino_narrow_crystal_temple
Lair:1:   layout_misc_corridors, serial_bayou_pond_d
Lair:2:   layout_cave_pods, pond, grunt_megastairs_3, uniq_fannar
Lair:3:   mu_elephants_graveyard, layout_cave_pods
Lair:4:   layout_regular_city, minmay_swamp_entry_worms,
          minmay_snake_entry_six_corridors, infiniplex_staircase_pool
Lair:5:   layout_hall_layers, nicolae_slime_entry_slimehenge,
          nicolae_lair_grove_arrangements, st_stairs_7, lemuel_fruit_fields,
          lemuel_fruit_fields
Lair:6:   hangedman_lair_tendril_chambers, layout_cave_pods,
          grunt_forest_small_clearings, kennysheep_rathole, serial_bayou_shore_a

Skill      XL: |  1  2  3  4  5  6  7  8  9 10 11 12 13 14 15 |
---------------+----------------------------------------------+-----
Axes           | 3 4 7 9 11 13 15 17 18 20 | 20.7
Fighting       | 6 8 10 11 | 11.0
Armour         | 5 7 8 12 13 | 13.0
Invocations    | 5 7 10 | 10.0
Evocations     | 4 9 10 | 10.0
Shields        | |  3.6

Action                   |  1- 3 |  4- 6 |  7- 9 | 10-12 | 13-15 || total
-------------------------+-------+-------+-------+-------+-------++-------
Melee: War axe           |    41 |    80 |   348 |   409 |   694 ||  1572
       Headbutt          |     9 |    12 |    69 |    92 |   201 ||   383
       Great sword       |       |       |       |       |    11 ||    11
       Executioner's axe |       |       |       |       |   101 ||   101
       Punch             |       |       |       |       |     1 ||     1
Invok: Heroism           |       |       |       |       |     1 ||     1
Evoke: Wand              |       |       |       |     5 |    12 ||    17
  Use: Potion            |     2 |     2 |     5 |     5 |     2 ||    16
       Scroll            |       |     2 |    11 |     8 |    10 ||    31
 Stab: Invisible         |       |       |     1 |       |       ||     1
  Eat: Chunk             |       |     3 |    17 |    17 |    20 ||    57
       Ration            |       |       |       |     1 |     1 ||     2
Armor: Scale mail        |    15 |    39 |    75 |       |       ||   129
       Ring mail         |       |       |    36 |   163 |       ||   199
       Plate armour      |       |       |       |    11 |   540 ||   551
Dodge: Dodged            |    17 |    22 |    73 |   152 |   206 ||   470
Block: Shield            |    15 |    54 |   136 |    29 |       ||   234

Table legend:
 A = Non-vault XP
 B = Vault XP
 C = Vault XP percentage of total XP
 D = Non-vault monster count
 E = Vault monster count
 F = Vault count percentage of total count
                 A         B        C        D         E       F
            +---------+---------+-------+---------+---------+-------
      Total |   67218 |   48523 |  41.9 |     491 |     262 |  34.8
            +---------+---------+-------+---------+---------+-------
        D:1 |      46 |       4 |   8.0 |      19 |       2 |   9.5
        D:2 |     101 |     290 |  74.2 |      12 |       3 |  20.0
        D:3 |     217 |     274 |  55.8 |      28 |      10 |  26.3
        D:4 |     179 |     372 |  67.5 |      10 |      15 |  60.0
        D:5 |     511 |     530 |  50.9 |      17 |      12 |  41.4
        D:6 |     666 |      14 |   2.1 |      24 |       1 |   4.0
        D:7 |     499 |       0 |   0.0 |      19 |       0 |   0.0
        D:8 |     658 |       0 |   0.0 |      28 |       0 |   0.0
        D:9 |    3715 |     710 |  16.0 |      35 |      18 |  34.0
       D:10 |    3551 |     469 |  11.7 |      39 |       1 |   2.5
       D:11 |    5158 |   12411 |  70.6 |      38 |      30 |  44.1
       D:12 |    4529 |    6655 |  59.5 |      18 |      69 |  79.3
       D:13 |    6206 |    1803 |  22.5 |      35 |       3 |   7.9
       D:14 |    7996 |       0 |   0.0 |      32 |       0 |   0.0
       D:15 |    2152 |       0 |   0.0 |      10 |       0 |   0.0
     Lair:1 |    6258 |       0 |   0.0 |      31 |       0 |   0.0
     Lair:2 |    4136 |    3056 |  42.5 |      19 |      11 |  36.7
     Lair:3 |    1756 |    9084 |  83.8 |      11 |      18 |  62.1
     Lair:4 |    2275 |    2448 |  51.8 |       9 |      18 |  66.7
     Lair:5 |    3691 |     242 |   6.2 |      14 |       6 |  30.0
     Lair:6 |   12918 |   10161 |  44.0 |      43 |      45 |  51.1
            +---------+---------+-------+---------+---------+-------
